[Event "GER-ch Youth ODJM 2019"]
[Site "Willingen"]
[Date "2019.06.10"]
[Round "3.12"]
[White "Ortmeier, Leonhard"]
[Black "Grund, Sebastian"]
[Result "1-0"]
[ECO "A05"]
[WhiteElo "2140"]
[BlackElo "2051"]
[Annotator "NA"]
[PlyCount "30"]
[EventDate "2019.06.07"]
[EventType "swiss"]
[EventRounds "9"]
[EventCountry "GER"]
[SourceTitle "playchess.com"]
[Source "ChessBase"]
[SourceQuality "1"]
[TimeControl "40/5400+30:1800+30"]

1. Nf3 Nf6 2. c4 g6 3. g3 c5 4. Nc3 Bg7 5. Bg2 O-O 6. O-O d5 7. Nxd5 Nxd5 8. cxd5 Qxd5 9. d3 e5 10. Be3 Nd7 11. Qa4 a6 12. Rac1 Rb8 13. Ng5 Qd6 14. Ne4 Qe7 15. Nxc5 Rd8 {[%emt 0:01:43] normal} 1-0

[Event "GER-ch Youth ODJM 2019"]
[Site "Willingen"]
[Date "2019.06.10"]
[Round "3.13"]
[White "Dietz, Florian"]
[Black "Schrepp, Florian"]
[Result "1-0"]
[ECO "B06"]
[WhiteElo "2139"]
[BlackElo "1922"]
[Annotator "NA"]
[PlyCount "28"]
[EventDate "2019.06.07"]
[EventType "swiss"]
[EventRounds "9"]
[EventCountry "GER"]
[SourceTitle "playchess.com"]
[Source "ChessBase"]
[SourceQuality "1"]
[TimeControl "40/5400+30:1800+30"]

1. e4 g6 2. d4 Bg7 3. Nc3 d6 4. Nf3 Nc6 5. d5 Ne5 6. Nxe5 Bxe5 7. Be3 e6 8. dxe6 Bxe6 9. Qd2 f5 10. exf5 Bxf5 11. Bc4 c6 12. f4 Bf6 13. O-O-O d5 14. Qe2 Kf8 {[%emt 0:15:48] normal} 1-0

[Event "GER-ch Youth ODJM 2019"]
[Site "Willingen"]
[Date "2019.06.10"]
[Round "3.14"]
[White "Teichert, Felix"]
[Black "Stemmler, Fabian"]
[Result "1/2-1/2"]
[ECO "E04"]
[WhiteElo "2027"]
[BlackElo "2014"]
[Annotator "NA"]
[PlyCount "30"]
[EventDate "2019.06.07"]
[EventType "swiss"]
[EventRounds "9"]
[EventCountry "GER"]
[SourceTitle "playchess.com"]
[Source "ChessBase"]
[SourceQuality "1"]
[TimeControl "40/5400+30:1800+30"]

1. d4 d5 2. c4 e6 3. Nf3 Nf6 4. g3 dxc4 5. Bg2 Nc6 6. O-O Rb8 7. a4 Be7 8. Na3 Na5 9. Bg5 h6 10. Bxf6 Bxf6 11. Qc2 c5 12. dxc5 Qc7 13. Rab1 Be7 14. Rfc1 Nb3 15. Rd1 Qxc5 {[%emt 0:00:38] normal} 1/2-1/2

[Event "GER-ch Youth ODJM 2019"]
[Site "Willingen"]
[Date "2019.06.10"]
[Round "3.15"]
[White "Garbuz, Vitaliy"]
[Black "Baumann, Marcel"]
[Result "1-0"]
[ECO "B01"]
[WhiteElo "2051"]
[BlackElo "1866"]
[Annotator "NA"]
[PlyCount "37"]
[EventDate "2019.06.07"]
[EventType "swiss"]
[EventRounds "9"]
[EventCountry "GER"]
[SourceTitle "playchess.com"]
[Source "ChessBase"]
[SourceQuality "1"]
[TimeControl "40/5400+30:1800+30"]

1. e4 d5 2. exd5 Nf6 3. d4 Bg4 4. Nf3 Qxd5 5. Be2 Nc6 6. c4 Qd7 7. Be3 e6 8. Nc3 Be7 9. O-O Bxf3 10. Bxf3 O-O-O 11. Qa4 Nxd4 12. Qxa7 Nxf3+ 13. gxf3 Qc6 14. Rfd1 Qa6 15. Qxa6 bxa6 16. Ne2 Kb7 17. Nd4 Nd7 18. f4 Bf6 19. Nb3 {[%emt 0:05:16] normal} 1-0

[Event "GER-ch Youth ODJM 2019"]
[Site "Willingen"]
[Date "2019.06.10"]
[Round "3.16"]
[White "Reinecke, Katharina"]
[Black "von Estorff, Jacob"]
[Result "1/2-1/2"]
[ECO "D70"]
[WhiteElo "1846"]
[BlackElo "2041"]
[Annotator "NA"]
[PlyCount "30"]
[EventDate "2019.06.07"]
[EventType "swiss"]
[EventRounds "9"]
[EventCountry "GER"]
[SourceTitle "playchess.com"]
[Source "ChessBase"]
[SourceQuality "1"]
[TimeControl "40/5400+30:1800+30"]

1. d4 Nf6 2. c4 g6 3. Nf3 Bg7 4. g3 O-O 5. Bg2 c6 6. O-O d5 7. b3 Ne4 8. Bb2 Nd7 9. Nbd2 f5 10. cxd5 cxd5 11. Rc1 b6 12. Ne5 Nxe5 13. dxe5 Nxd2 14. Qxd2 Bb7 15. Rc2 e6 {[%emt 0:03:51] normal} 1/2-1/2

[Event "GER-ch Youth ODJM 2019"]
[Site "Willingen"]
[Date "2019.06.11"]
[Round "4.1"]
[White "Astner, Sebastian"]
[Black "Lauterbach, Kolja"]
[Result "1-0"]
[ECO "C55"]
[WhiteElo "1870"]
[BlackElo "1662"]
[Annotator "NA"]
[PlyCount "83"]
[EventDate "2019.06.07"]
[EventType "swiss"]
[EventRounds "9"]
[EventCountry "GER"]
[SourceTitle "playchess.com"]
[Source "ChessBase"]
[SourceQuality "1"]
[TimeControl "40/5400+30:1800+30"]

1. e4 e5 2. Nf3 Nc6 3. d4 exd4 4. Bc4 Nf6 5. e5 d5 6. Bb5 Ne4 7. Nxd4 Bd7 8. Bxc6 bxc6 9. O-O Bc5 10. f3 Ng5 11. f4 Ne4 12. Be3 Bb6 13. c3 O-O 14. Nd2 Nxd2 15. Qxd2 c5 16. Nb3 c4 17. Nc5 Bc6 18. Bd4 Bxc5 19. Bxc5 Re8 20. Rae1 f6 21. e6 f5 22. e7 Qd7 23. Qd4 Rab8 24. Re2 a6 25. Rf3 Kf7 26. Rg3 g6 27. Qe5 Rg8 28. Rh3 h5 29. Rhe3 Rbe8 30. h4 Bb7 31. Qd4 Bc8 32. Re5 c6 33. R5e3 Qc7 34. g3 Qb8 35. b3 Qb5 36. a4 Qb8 37. bxc4 Qc7 38. cxd5 cxd5 39. Qxd5+ Kg7 40. Bd4+ Kh6 41. Qf7 Bb7 42. Bf6 {normal} 1-0

[Event "GER-ch Youth ODJM 2019"]
[Site "Willingen"]
[Date "2019.06.11"]
[Round "4.2"]
[White "Wichert, Eddi"]
[Black "Zell, Mirjam"]
[Result "1-0"]
[ECO "C50"]
[WhiteElo "1702"]
[BlackElo "1660"]
[Annotator "NA"]
[PlyCount "79"]
[EventDate "2019.06.07"]
[EventType "swiss"]
[EventRounds "9"]
[EventCountry "GER"]
[SourceTitle "playchess.com"]
[Source "ChessBase"]
[SourceQuality "1"]
[TimeControl "40/5400+30:1800+30"]

1. e4 e5 2. Nf3 Nc6 3. Bc4 Bc5 4. O-O Nf6 5. d3 d6 6. h3 h6 7. c3 a6 8. d4 exd4 9. cxd4 Ba7 10. Re1 O-O 11. Nc3 Re8 12. Bf4 Ne7 13. Qb3 Rf8 14. e5 Nh5 15. Bh2 b5 16. Bd5 Nxd5 17. Qxd5 Be6 18. Qc6 Bd7 19. Qd5 Be6 20. Qc6 Bd7 21. Qe4 c5 22. dxc5 dxe5 23. Qxe5 Nf6 24. Nd5 Nxd5 25. Qxd5 Qc8 26. Bd6 Rd8 27. Re7 Be6 28. Qe5 Rd7 29. Rxd7 Qxd7 30. Rc1 Re8 31. c6 Qc8 32. c7 Bxh3 33. gxh3 Rxe5 34. Nxe5 Bb6 35. Nc6 Kh7 36. Ne7 Qxh3 37. c8=Q Bxf2+ 38. Kxf2 Qh4+ 39. Kf3 Qh5+ 40. Qg4 {[%emt 0:00:15] normal} 1-0

[Event "GER-ch Youth ODJM 2019"]
[Site "Willingen"]
[Date "2019.06.11"]
[Round "4.4"]
[White "Dartmann Aubanell, Catriona"]
[Black "Matthes, Benjamin"]
[Result "0-1"]
[ECO "B30"]
[WhiteElo "1728"]
[BlackElo "1737"]
[Annotator "NA"]
[PlyCount "116"]
[EventDate "2019.06.07"]
[EventType "swiss"]
[EventRounds "9"]
[EventCountry "GER"]
[SourceTitle "playchess.com"]
[Source "ChessBase"]
[SourceQuality "1"]
[TimeControl "40/5400+30:1800+30"]

1. e4 c5 2. Nf3 Nc6 3. c3 Nf6 4. e5 Nd5 5. d4 cxd4 6. cxd4 d6 7. Bc4 Nb6 8. Bd3 Bg4 9. Bb5 dxe5 10. dxe5 Qxd1+ 11. Kxd1 O-O-O+ 12. Ke1 Bxf3 13. gxf3 Nd4 14. Na3 e6 15. Rb1 Nxf3+ 16. Ke2 Nd4+ 17. Ke1 Nf3+ 18. Ke2 Nd4+ 19. Ke1 Bxa3 20. bxa3 Nxb5 21. Rxb5 Rd5 22. Rxd5 Nxd5 23. Rg1 g6 24. Rg3 Kd7 25. Rf3 Rc8 26. Kd2 Ke8 27. Bb2 Rc4 28. Rb3 b6 29. Rh3 h5 30. Rd3 Rf4 31. Ke2 Rh4 32. Kf1 Rxh2 33. Kg1 Rh4 34. Bd4 Nf4 35. Rd2 Ne2+ 36. Rxe2 Rxd4 37. Rc2 Kd7 38. Kg2 Re4 39. Rd2+ Ke7 40. Rc2 Rxe5 41. Rc7+ Kf6 42. Rxa7 Ra5 43. Rb7 Rxa3 44. Rxb6 Rxa2 45. Rb7 g5 46. Kg3 Ra3+ 47. Kg2 g4 48. Rc7 Kg6 49. Rc6 Kf5 50. Rc5+ e5 51. Rc6 f6 52. Rb6 h4 53. Rc6 h3+ 54. Kh2 Ra2 55. Kg3 h2 56. Rc1 Rc2 57. Rh1 Rc3+ 58. Kg2 Rh3 {[%emt 0:00:00] normal} 0-1

[Event "GER-ch Youth ODJM 2019"]
[Site "Willingen"]
[Date "2019.06.11"]
[Round "4.5"]
[White "Wechtenbruch, Jamie"]
[Black "Sinka, Silas"]
[Result "0-1"]
[ECO "C11"]
[WhiteElo "1371"]
[BlackElo "1292"]
[Annotator "NA"]
[PlyCount "121"]
[EventDate "2019.06.07"]
[EventType "swiss"]
[EventRounds "9"]
[EventCountry "GER"]
[SourceTitle "playchess.com"]
[Source "ChessBase"]
[SourceQuality "1"]
[TimeControl "40/5400+30:1800+30"]

1. e4 e6 2. d4 d5 3. Nc3 Nf6 4. e5 Nfd7 5. f4 c5 6. Nf3 Nc6 7. Be3 a6 8. dxc5 Bxc5 9. Bxc5 Nxc5 10. Nd4 Bd7 11. a3 Qb6 12. Nxc6 Bxc6 13. Rb1 Rd8 14. Qd4 Na4 15. Qxb6 Nxb6 16. Bd3 Nc4 17. Bxc4 dxc4 18. O-O Rd2 19. Rf2 Rxf2 20. Kxf2 Ke7 21. Rd1 Rd8 22. Rxd8 Kxd8 23. g3 Kc7 24. Ke3 Kb6 25. Kd4 Bb5 26. Nxb5 Kxb5 27. b3 cxb3 28. cxb3 Kc6 29. g4 Kb5 30. f5 Kc6 31. Ke4 g6 32. fxg6 fxg6 33. g5 Kc5 34. h3 b5 35. h4 a5 36. Kd3 Kd5 37. Kc3 Kxe5 38. a4 bxa4 39. bxa4 Kd5 40. Kd3 e5 41. Ke3 e4 42. Ke2 Ke5 43. Ke3 Kf5 44. Kf2 Kf4 45. Ke2 e3 46. Ke1 Kg4 47. Ke2 Kxh4 48. Kxe3 Kxg5 49. Kf3 h5 50. Kg3 Kf5 51. Kh4 g5+ 52. Kg3 h4+ 53. Kh3 g4+ 54. Kg2 Kf4 55. Kf2 g3+ 56. Kg2 h3+ 57. Kf1 Kf3 58. Kg1 g2 59. Kh2 Kf2 60. Kxh3 g1=Q 61. Kh4 {[%emt 0:00:03] normal} 0-1

[Event "GER-ch Youth ODJM 2019"]
[Site "Willingen"]
[Date "2019.06.11"]
[Round "4.6"]
[White "Navarro Jahnke, Eric"]
[Black "Racky, Selina"]
[Result "0-1"]
[ECO "D00"]
[WhiteElo "1259"]
[BlackElo "1037"]
[Annotator "NA"]
[PlyCount "171"]
[EventDate "2019.06.07"]
[EventType "swiss"]
[EventRounds "9"]
[EventCountry "GER"]
[SourceTitle "playchess.com"]
[Source "ChessBase"]
[SourceQuality "1"]
[TimeControl "40/5400+30:1800+30"]

1. d4 d5 2. e3 Bf5 3. c4 c6 4. Nc3 e6 5. Bd2 Nf6 6. Be2 Be7 7. f4 Nbd7 8. Nf3 O-O 9. O-O Ne4 10. Nxe4 Bxe4 11. Ne5 f6 12. Nf3 Qc7 13. Qb3 f5 14. Rac1 Nf6 15. Bd3 Qd7 16. Ne5 Qd8 17. Qxb7 Rb8 18. Qxa7 Bxd3 19. Nxc6 Ra8 20. Qxe7 Qxe7 21. Nxe7+ Kh8 22. Rfe1 dxc4 23. Bb4 Rf7 24. Red1 Nd5 25. Nxd5 exd5 26. Kf2 Rf6 27. h3 Rg6 28. g3 Be4 29. a3 h5 30. Rg1 Rh6 31. Be7 Rb8 32. Bb4 Rg8 33. Ra1 g5 34. Be7 g4 35. h4 Ra6 36. Rgc1 Rb8 37. Bb4 Bc2 38. Rxc2 Rxb4 39. Rac1 Rb3 40. Ke2 Re6 41. Rc3 Rxb2+ 42. R1c2 Rb3 43. Rxb3 cxb3 44. Rb2 Rb6 45. Kd3 Kg7 46. a4 Ra6 47. Kc3 Rxa4 48. Rxb3 Kf6 49. Kb2 Ke6 50. Rb6+ Kd7 51. Rf6 Rb4+ 52. Kc3 Rb1 53. Rxf5 Kc6 54. Rxh5 Rg1 55. f5 Rxg3 56. Kd3 Rf3 57. Rg5 g3 58. h5 Kd6 59. h6 g2 60. Rxg2 Rh3 61. Rg6+ Ke7 62. Re6+ Kf7 63. Rd6 Rh5 64. Rd7+ Kg8 65. h7+ Rxh7 66. Rxh7 Kxh7 67. e4 dxe4+ 68. Kxe4 Kg7 69. d5 Kf7 70. Ke5 Ke7 71. f6+ Ke8 72. Ke6 Kf8 73. f7 Kg7 74. Ke7 Kg6 75. f8=Q Kh7 76. Qf5+ Kh6 77. Qf1 Kg5 78. d6 Kg6 79. d7 Kg5 80. d8=Q Kg6 81. Qf6+ Kh5 82. Qdh8+ Kg4 83. Qhg7+ Kh5 84. Qh7+ {Kh4 Qg8+ Kh5 Qe8+} Kg4 85. Qg8+ Kh5 86. Qh7+ {normal} 0-1

[Event "GER-ch Youth ODJM 2019"]
[Site "Willingen"]
[Date "2019.06.11"]
[Round "4.7"]
[White "Grossmann, Piet"]
[Black "Lange, Malina"]
[Result "1-0"]
[ECO "C47"]
[WhiteElo "1801"]
[BlackElo "1562"]
[Annotator "NA"]
[PlyCount "85"]
[EventDate "2019.06.07"]
[EventType "swiss"]
[EventRounds "9"]
[EventCountry "GER"]
[SourceTitle "playchess.com"]
[Source "ChessBase"]
[SourceQuality "1"]
[TimeControl "40/5400+30:1800+30"]

1. e4 e5 2. Nf3 Nc6 3. Nc3 Nf6 4. d4 exd4 5. Nxd4 Bc5 6. Be3 Bb6 7. Bc4 d6 8. f3 O-O 9. Qd2 Re8 10. O-O-O Na5 11. Bb3 Bxd4 12. Bxd4 Nxb3+ 13. axb3 Bd7 14. g4 b5 15. Qg5 h6 16. Bxf6 hxg5 17. Bxd8 Rexd8 18. h4 gxh4 19. Rxh4 f6 20. Nd5 a5 21. Nxc7 Rac8 22. Nd5 Kf7 23. Nb6 Rc6 24. Nxd7 Rxd7 25. Rh5 Rb7 26. Rd4 Ke6 27. Rhd5 g5 28. b4 a4 29. Rd3 Rb8 30. c3 Rcb6 31. Rd1 Rh8 32. R1d2 Rh1+ 33. Kc2 Rh3 34. Rf5 Rh1 35. f4 Rg1 36. fxg5 Rxg4 37. Rxf6+ Ke5 38. Rd5+ Kxe4 39. Rd4+ Ke5 40. Rxg4 Rb7 41. Kd3 d5 42. Rgf4 Rg7 43. R4f5# {[%emt 0:00:11] normal} 1-0

[Event "GER-ch Youth ODJM 2019"]
[Site "Willingen"]
[Date "2019.06.11"]
[Round "4.8"]
[White "Schilay, Eva"]
[Black "Werner, Tom"]
[Result "0-1"]
[ECO "C01"]
[WhiteElo "1628"]
[BlackElo "1772"]
[Annotator "NA"]
[PlyCount "56"]
[EventDate "2019.06.07"]
[EventType "swiss"]
[EventRounds "9"]
[EventCountry "GER"]
[SourceTitle "playchess.com"]
[Source "ChessBase"]
[SourceQuality "1"]
[TimeControl "40/5400+30:1800+30"]

1. e4 e6 2. d4 d5 3. exd5 exd5 4. Nf3 Bd6 5. Bd3 Ne7 6. O-O O-O 7. Be3 c6 8. c3 Bf5 9. Re1 Re8 10. Qc2 Bxd3 11. Qxd3 Nd7 12. Nbd2 Ng6 13. Ng5 h6 14. Ngf3 Qc7 15. g3 Nf6 16. Re2 Re7 17. Rae1 Rae8 18. Qc2 Re6 19. Kg2 R8e7 20. Kg1 Qb8 21. Kg2 Qe8 22. Qd1 Ng4 23. Nf1 f5 24. h3 Nf6 25. h4 f4 26. h5 Nxh5 27. Ne5 fxe3 28. Rxe3 Nxe5 {[%emt 0:01:26] normal} 0-1

[Event "GER-ch Youth ODJM 2019"]
[Site "Willingen"]
[Date "2019.06.11"]
[Round "4.10"]
[White "Schimnatkowski, Lukas"]
[Black "Kotyk, Michael"]
[Result "0-1"]
[ECO "C44"]
[WhiteElo "2139"]
[BlackElo "1966"]
[Annotator "NA"]
[PlyCount "129"]
[EventDate "2019.06.07"]
[EventType "swiss"]
[EventRounds "9"]
[EventCountry "GER"]
[SourceTitle "playchess.com"]
[Source "ChessBase"]
[SourceQuality "1"]
[TimeControl "40/5400+30:1800+30"]

1. e4 e5 2. Nf3 Nc6 3. c3 d5 4. Qa4 f6 5. Bb5 Qd6 6. exd5 Qxd5 7. Bxc6+ bxc6 8. O-O Bd6 9. c4 Qc5 10. d3 Qb6 11. Be3 Bc5 12. Bxc5 Qxc5 13. Re1 Kf7 14. Nc3 Ne7 15. Rad1 Rd8 16. Ne4 Qb6 17. Qa3 Nf5 18. Ng3 Nxg3 19. hxg3 c5 20. Rc1 Qb4 21. Rc3 Bf5 22. Re3 Rdb8 23. Re2 a5 24. Rb3 Qxa3 25. Rxa3 a4 26. Kf1 g5 27. Rc2 Rb4 28. Ke1 Rab8 29. Kd2 Bd7 30. Kc3 Bc6 31. g4 Bd7 32. Nh2 Rh8 33. f3 h5 34. gxh5 Rxh5 35. Nf1 f5 36. Ng3 Rh2 37. b3 Kf6 38. Rd2 Ke6 39. Rf2 Rh8 40. Ne2 Rh4 41. g3 Rh8 42. d4 exd4+ 43. Nxd4+ cxd4+ 44. Kxb4 Kd6 45. Rxa4 Rb8+ 46. Ka3 Bxa4 47. Kxa4 Kc5 48. Ka3 d3 49. Kb2 Kd4 50. Rh2 Re8 51. Rh7 Re2+ 52. Ka3 Kc3 53. Rxc7 Re8 54. Ka4 Rd8 55. Rh7 d2 56. Rh1 Re8 57. Rd1 Kc2 58. Rxd2+ Kxd2 59. c5 Ke3 60. b4 Kxf3 61. b5 Ke4 62. b6 Kd5 63. Kb5 Re1 64. a4 Rb1+ 65. Ka6 {[%emt 0:00:05] normal} 0-1

[Event "GER-ch Youth ODJM 2019"]
[Site "Willingen"]
[Date "2019.06.11"]
[Round "4.11"]
[White "Teichert, Felix"]
[Black "Tscheuschner, Georg"]
[Result "1/2-1/2"]
[ECO "B20"]
[WhiteElo "2027"]
[BlackElo "2113"]
[Annotator "NA"]
[PlyCount "105"]
[EventDate "2019.06.07"]
[EventType "swiss"]
[EventRounds "9"]
[EventCountry "GER"]
[SourceTitle "playchess.com"]
[Source "ChessBase"]
[SourceQuality "1"]
[TimeControl "40/5400+30:1800+30"]

1. e4 c5 2. Ne2 Nf6 3. Nbc3 d6 4. g3 Nc6 5. Bg2 g6 6. O-O Bg7 7. d3 Bg4 8. h3 Bd7 9. Nd5 Qc8 10. Kh2 h5 11. c3 e6 12. Nxf6+ Bxf6 13. d4 cxd4 14. cxd4 h4 15. g4 e5 16. d5 Nb4 17. Bd2 Nd3 18. Qb3 Nc5 19. Qf3 Be7 20. Rfc1 Qd8 21. Rc2 a5 22. b3 Bg5 23. Be3 Bxe3 24. Qxe3 Bb5 25. Nc3 Bd3 26. Rd2 Ba6 27. Bf1 O-O 28. Bxa6 bxa6 29. Qh6 Qf6 30. Kg2 Rac8 31. Rc1 Qf4 32. Qxf4 exf4 33. Kf3 g5 34. Rcc2 Kg7 35. Ne2 Nd3 36. Rxd3 Rxc2 37. Nd4 Rxa2 38. Nf5+ Kf6 39. Nxd6 Rb8 40. Nc4 a4 41. e5+ Kg7 42. bxa4 Rxa4 43. Nd6 Rab4 44. Nf5+ Kf8 45. Nd4 Rc4 46. Nf5 Rbc8 47. e6 fxe6 48. dxe6 Rc3 49. e7+ Ke8 50. Nd6+ Kd7 51. e8=Q+ Rxe8 52. Rxc3 Kxd6 53. Ra3 {[%emt 0:01:26] normal} 1/2-1/2

[Event "GER-ch Youth ODJM 2019"]
[Site "Willingen"]
[Date "2019.06.11"]
[Round "4.12"]
[White "Stemmler, Fabian"]
[Black "Fistoul, Boris"]
[Result "0-1"]
[ECO "A40"]
[WhiteElo "2014"]
[BlackElo "1918"]
[Annotator "NA"]
[PlyCount "43"]
[EventDate "2019.06.07"]
[EventType "swiss"]
[EventRounds "9"]
[EventCountry "GER"]
[SourceTitle "playchess.com"]
[Source "ChessBase"]
[SourceQuality "1"]
[TimeControl "40/5400+30:1800+30"]

1. d4 b6 2. e4 Bb7 3. Nc3 e6 4. Bd3 Nf6 5. Nge2 Be7 6. O-O O-O 7. Bf4 d6 8. h3 Nbd7 9. Bh2 Re8 10. e5 dxe5 11. dxe5 Nd5 12. Nxd5 Bxd5 13. c4 Bb7 14. Qc2 h6 15. Rad1 c6 16. Nc3 Qc7 17. f4 Rad8 18. f5 Nxe5 19. Ne4 exf5 20. Rxf5 f6 21. Rff1 c5 22. Qc3 {[%emt 0:02:45] normal} 0-1

[Event "GER-ch Youth ODJM 2019"]
[Site "Willingen"]
[Date "2019.06.11"]
[Round "4.13"]
[White "Hofmann, Lorenz"]
[Black "Wuebker, Paul-Luca"]
[Result "1/2-1/2"]
[ECO "B77"]
[WhiteElo "2002"]
[BlackElo "2035"]
[Annotator "NA"]
[PlyCount "95"]
[EventDate "2019.06.07"]
[EventType "swiss"]
[EventRounds "9"]
[EventCountry "GER"]
[SourceTitle "playchess.com"]
[Source "ChessBase"]
[SourceQuality "1"]
[TimeControl "40/5400+30:1800+30"]

1. e4 c5 2. Nf3 d6 3. d4 cxd4 4. Nxd4 Nf6 5. Nc3 g6 6. Be3 Bg7 7. f3 O-O 8. Bc4 Nc6 9. Qd2 Bd7 10. h4 h5 11. O-O-O Ne5 12. Bb3 a5 13. a4 Rc8 14. Bh6 Nc4 15. Bxc4 Rxc4 16. Bxg7 Kxg7 17. g4 hxg4 18. h5 Rh8 19. hxg6 fxg6 20. f4 e5 21. fxe5 dxe5 22. Ne6+ Bxe6 23. Qxd8 Rxd8 24. Rxd8 Nxe4 25. Nxe4 Rxe4 26. b3 Kf6 27. Rd6 Kf5 28. Rh8 g3 29. Rf8+ Kg5 30. Rxe6 g2 31. Rxg6+ Kxg6 32. Rg8+ Kf5 33. Rxg2 Rg4 34. Rf2+ Ke6 35. Kd2 b6 36. Rh2 Rg6 37. Kd3 Kd5 38. Rh3 Rf6 39. Rh4 Re6 40. Rh8 Rg6 41. Rd8+ Kc5 42. Ke4 Rg2 43. Kxe5 Re2+ 44. Kf4 Kb4 45. Rc8 Ka3 46. Kf3 Re6 47. Rc4 Kb2 48. Rc7 {[%emt 0:00:06] normal} 1/2-1/2

[Event "GER-ch Youth ODJM 2019"]
[Site "Willingen"]
[Date "2019.06.11"]
[Round "4.14"]
[White "von Estorff, Jacob"]
[Black "Schlick, Stefan"]
[Result "1-0"]
[ECO "C44"]
[WhiteElo "2041"]
[BlackElo "2017"]
[Annotator "NA"]
[PlyCount "54"]
[EventDate "2019.06.07"]
[EventType "swiss"]
[EventRounds "9"]
[EventCountry "GER"]
[SourceTitle "playchess.com"]
[Source "ChessBase"]
[SourceQuality "1"]
[TimeControl "40/5400+30:1800+30"]

1. e4 e5 2. Nf3 Nc6 3. d4 exd4 4. Nxd4 Nf6 5. Nxc6 bxc6 6. Bd3 d5 7. e5 Nd7 8. O-O Nc5 9. f4 Nxd3 10. cxd3 g6 11. Qc2 c5 12. h3 h5 13. b4 cxb4 14. Qc6+ Bd7 15. Qxd5 Be6 16. Qc6+ Bd7 17. Qf3 Bc5+ 18. Be3 Bxe3+ 19. Qxe3 O-O 20. Nd2 Bb5 21. Rf3 f5 22. exf6 Qxf6 23. Rc1 Rfd8 24. Nc4 Bxc4 25. Rxc4 Re8 26. Qc5 Qb6 {[%emt 0:04:26] normal} 27. Rg3 {[%emt 0:06:03] normal} Kf7 {[%emt 0:03:28] normal} 1-0

[Event "GER-ch Youth ODJM 2019"]
[Site "Willingen"]
[Date "2019.06.11"]
[Round "4.15"]
[White "Nasoyan, Maksim"]
[Black "Wachinger, David"]
[Result "1-0"]
[ECO "E92"]
[WhiteElo "1877"]
[BlackElo "2066"]
[Annotator "NA"]
[PlyCount "105"]
[EventDate "2019.06.07"]
[EventType "swiss"]
[EventRounds "9"]
[EventCountry "GER"]
[SourceTitle "playchess.com"]
[Source "ChessBase"]
[SourceQuality "1"]
[TimeControl "40/5400+30:1800+30"]

1. d4 Nf6 2. c4 g6 3. Nc3 Bg7 4. e4 d6 5. Nf3 O-O 6. Be2 e5 7. d5 a5 8. Bg5 h6 9. Bh4 Qe8 10. Nd2 Bd7 11. b3 Na6 12. O-O Nh7 13. f3 h5 14. Bf2 f5 15. a3 f4 16. b4 g5 17. c5 Qg6 18. c6 bxc6 19. dxc6 Bc8 20. Nd5 Rf7 21. b5 Nc5 22. b6 cxb6 23. Nxb6 Rb8 24. Nxc8 Rxc8 25. Bxc5 dxc5 26. Bc4 Qxc6 27. Qb3 Rcc7 28. Bd5 Qe8 29. Rac1 Bf8 30. Qb6 Kg7 31. Bxf7 Rxf7 32. Nc4 g4 33. Nd6 Bxd6 34. Qxd6 Rf6 35. Qc7+ Kh6 36. Rxc5 gxf3 37. gxf3 Re6 38. Rxa5 Ng5 39. Kf2 Re7 40. Qd6+ Kh7 41. Rc1 Nf7 42. Qf6 Re6 43. Qf5+ Kh8 44. Rac5 Qd7 45. Rc8+ Nd8 46. Qxh5+ Kg8 47. Rg1+ Kf8 48. Qh8+ Ke7 49. Rxd8 Qa7+ 50. Kg2 Rg6+ 51. Kh3 Qxg1 52. Qf8+ Ke6 53. Rd6# {[%emt 0:00:00] normal} 1-0

[Event "GER-ch Youth ODJM 2019"]
[Site "Willingen"]
[Date "2019.06.11"]
[Round "4.16"]
[White "Brunner, Tobias"]
[Black "Reimer, Philip"]
[Result "0-1"]
[ECO "B23"]
[WhiteElo "2017"]
[BlackElo "1891"]
[Annotator "NA"]
[PlyCount "122"]
[EventDate "2019.06.07"]
[EventType "swiss"]
[EventRounds "9"]
[EventCountry "GER"]
[SourceTitle "playchess.com"]
[Source "ChessBase"]
[SourceQuality "1"]
[TimeControl "40/5400+30:1800+30"]

1. e4 c5 2. Nc3 Nc6 3. f4 g6 4. Nf3 Bg7 5. Bc4 e6 6. O-O Nge7 7. d3 d5 8. Bb3 O-O 9. a3 Rb8 10. Ne2 b5 11. c3 a5 12. Bc2 b4 13. axb4 axb4 14. Qe1 Qb6 15. Qh4 dxe4 16. Ng5 h6 17. Nxe4 Nf5 18. Qf2 Rd8 19. Qxc5 Qb7 20. Qf2 b3 21. Nc5 Qb5 22. Nxb3 Bb7 23. Nc5 Ba8 24. Kh1 e5 25. fxe5 Nxe5 26. h3 Rbc8 27. d4 Qxe2 28. Bxf5 Qxf2 29. Rxf2 gxf5 30. Rxf5 Ng6 31. Ra7 Bxg2+ 32. Kh2 Bd5 33. Be3 Re8 34. Rxd5 Rxe3 35. Rdd7 Rf3 36. Ne4 Rb8 37. b4 Nf8 38. Re7 Ne6 39. Kg2 Re3 40. Nc5 Nf4+ 41. Kf2 Re4 42. Re6 Rxe6 43. Re7 Nd5 44. Rd7 Nxc3 45. Nd3 Bf8 46. Ne5 Ne4+ 47. Ke3 Nd6 {[%emt 0:00:00] Nc6 Rb6+} 48. d5 Kg7 49. Ra7 Nb7 50. Ra4 Kf6 51. Ke4 Bd6 52. Kd4 Kg5 53. Kc4 f5 {[%emt 0:00:00] Nd4 Nd8} 54. b5 {[%emt 0:00:00] Nf7 Ra7 Ne5+ Kc3} Kf6 55. Ra2 Bc5 56. Rb2 Bd4 57. Kxd4 {[%emt 0:00:00] Nd7 Kc4} f4 58. Ra2 Kf5 59. Ra7 {[%emt 0:00:00] Rbd6 Kd4} h5 {[%emt 0:00:29] Rc7 f3 Ke3 Rxd5+} 60. b6 {[%emt 0:07:17] normal Nxb6+ Kxf3 Rd3+ Kg2 Nd5} Rc6 {[%emt 0:00:19] Kg7} 61. h4 {[%emt 0:00:38] Nf4+ Kf2 Rh3} Rc4+ {[%emt 0:00:51] normal Ng6} 0-1

[Event "GER-ch Youth ODJM 2019"]
[Site "Willingen"]
[Date "2019.06.12"]
[Round "5.1"]
[White "Wichert, Eddi"]
[Black "Astner, Sebastian"]
[Result "0-1"]
[ECO "B12"]
[WhiteElo "1702"]
[BlackElo "1870"]
[Annotator "NA"]
[PlyCount "80"]
[EventDate "2019.06.07"]
[EventType "swiss"]
[EventRounds "9"]
[EventCountry "GER"]
[SourceTitle "playchess.com"]
[Source "ChessBase"]
[SourceQuality "1"]
[TimeControl "40/5400+30:1800+30"]

1. e4 c6 2. d4 d5 3. e5 Bf5 4. Nf3 e6 5. Be2 Nd7 6. O-O h6 7. c4 Ne7 8. Be3 dxc4 9. Bxc4 Nb6 10. b3 Ned5 11. Bd3 Bxd3 12. Qxd3 Be7 13. Nbd2 O-O 14. Nc4 Rc8 15. Rac1 c5 16. Rfd1 cxd4 17. Bxd4 Nxc4 18. bxc4 Nb4 19. Qe4 Qc7 20. a3 Nc6 21. Rc3 Rfd8 22. Rdd3 Nxd4 23. Nxd4 a6 24. h3 Bc5 25. Nc2 Rxd3 26. Rxd3 Rd8 27. Rb3 b6 28. Ne3 Rd4 29. Qa8+ Kh7 30. Qxa6 Qxe5 31. Qb5 Rd2 32. Rb1 Qf4 33. Rf1 Bxe3 34. fxe3 Qxe3+ 35. Kh1 Qe2 36. Rg1 Qf2 37. a4 Rb2 38. Qc6 Qf5 39. Rc1 Qf4 40. Re1 Rb4 {[%emt 0:01:32] normal} 0-1

[Event "GER-ch Youth ODJM 2019"]
[Site "Willingen"]
[Date "2019.06.12"]
[Round "5.2"]
[White "Sinka, Silas"]
[Black "Navarro Jahnke, Eric"]
[Result "1-0"]
[ECO "D30"]
[WhiteElo "1292"]
[BlackElo "1259"]
[Annotator "NA"]
[PlyCount "61"]
[EventDate "2019.06.07"]
[EventType "swiss"]
[EventRounds "9"]
[EventCountry "GER"]
[SourceTitle "playchess.com"]
[Source "ChessBase"]
[SourceQuality "1"]
[TimeControl "40/5400+30:1800+30"]

1. d4 d5 2. c4 e6 3. e3 c6 4. Nf3 Nd7 5. b3 Bd6 6. Bb2 f5 7. Ne5 Ngf6 8. Nd2 O-O 9. Ndf3 Ne4 10. c5 Bc7 11. Bc1 Rb8 12. b4 Rf6 13. Bd3 Rh6 14. Bb2 Nxe5 15. Nxe5 Bxe5 16. dxe5 Bd7 17. f3 Qh4+ 18. g3 Nxg3 19. hxg3 Qxg3+ 20. Kd2 Qg2+ 21. Qe2 Qxh1 22. Rxh1 Rxh1 23. f4 Kf7 24. Qg2 Rh6 25. Be2 Rg8 26. Kd3 Ke7 27. Bc3 Rg6 28. Qh3 h5 29. Qh4+ Kf8 30. Qd8+ Be8 31. Bxh5 {normal} 1-0